Cogmind - Beta 17 @@@ ROGUE MODE // 2026.07.23 @ 20:31:14 Player: LanceLander Result: Destroyed by B-90 Cyclops with Nova Cannon Performance ------------- Evolutions (8) 4000 Regions Visited (17) 3400 Robots Destroyed (195) 975 Value Destroyed (9058) 9058 Prototype IDs (83) 1660 Alien Tech Used (7) 1400 Bonus (3637) 3637 TOTAL SCORE: 24130 Bonus ------- High Alert Combat Kills 1143 Follower Combat Kills 901 Entered Garrisons 200 Entered DSFs 500 Registered with UFD 300 Met Optimus in HQ 500 Met Zhirov 300 Scanned by Researcher 500 Friendly Fire -707 Cogmind --------- Core Integrity 0/1450 Matter 300/300 Energy 161/250 System Corruption 8% Temperature Danger (488) Movement Walking (190) Ox1 Location -2/Garrison Parts ------- > --- POWER (2) -------- Micro Antimatter Reactor > --- PROPULSION (7) --- Myomer Leg Improved Antigrav System Improved Antigrav System > --- UTILITY (11) ----- Advanced Heat Sink Advanced Heat Sink Advanced Heat Sink Advanced Heat Sink Advanced Heat Sink Small Battery Improved Transmission Jammer System Shield A0-MCA's Component Scanner > --- WEAPON (3) ------- Phase Gun Phase Gun Phase Gun > --- INVENTORY (5) ---- Heavy Laser Heavy Laser Enhanced Nova Cannon Hardcell Cannon Thunder Hammer Peak State ------------ > --- POWER ------------ Micro Antimatter Reactor Light Quantum Reactor > --- PROPULSION ------- Improved Antigrav System Antigrav Array Antigrav Array Combat Linear Gravjet Combat Linear Gravjet > --- UTILITY ---------- Medium Storage Unit Core Analyzer Improved Transmission Jammer Improved Core Shielding Phase Redirector Experimental Hacking Suite Experimental Hacking Suite Experimental Hacking Suite System Shield System Shield A0-MCA's Component Scanner > --- WEAPON ----------- Enhanced Quantum Rifle Enhanced Nova Cannon Compact Linear Accelerator > --- INVENTORY -------- Light Quantum Reactor High-density Centrium Leg Improved Antigrav System Improved Antigrav System Heavy Laser Cooled Plasma Rifle Quantum Rifle Enhanced Nova Cannon Hardcell Cannon Thunder Hammer [Rating: 178] Favorites ----------- Power Light Deuterium Engine Engine Light Deuterium Engine Power Core Enhanced Fission Core Reactor Reinforced Quantum Reactor Propulsion Subdweller Monowheel Treads Spiked Treads Leg Enhanced Armored Leg Wheel Subdweller Monowheel Hover Unit Improved Antigrav System Flight Unit Field Propulsion Array Utility Core Analyzer Device V3-11A's Pendant Storage High-capacity Storage Unit Processor Core Analyzer Hackware Experimental Hacking Suite Protection Advanced Powered Armor Artifact Phase Redirector Weapon Makeshift Axe Energy Gun Phase Gun Energy Cannon Enhanced Nova Cannon Ballistic Gun Heavy Assault Rifle Ballistic Cannon Compact Linear Accelerator Launcher Scatter Rocket Array Special Weapon Molecular Deconstructor Impact Weapon Thunder Hammer Slashing Weapon Makeshift Axe Piercing Weapon Thermal Lance Special Melee Weapon Datajack Build | -11 -10 -10 -9 -6 -6 -6 -5 -5 -5 -5 -4 -4 -3 -3 -2 -2 -2 ------- Run | Yrd Mat Sub Scr Fac Low Low Fac Upp Upp Zhi Pro Fac Res DSF Res Qua Gar Slots Evolved 16 | . . . . 8 . . 2 . . . . 2 2 . 2 . . Power 1 | . . . . . . . 1 . . . . . . . . . . Propulsion 5 | . . . . 2 . . . . . . . . 2 . 1 . . Utility 9 | . . . . 5 . . 1 . . . . 2 . . 1 . . Weapon 1 | . . . . 1 . . . . . . . . . . . . . Parts Attached 225 | 7 5 15 6 26 1 . 42 1 . . 14 9 6 13 17 36 27 Power 33 | 1 1 2 2 2 . . 8 . . . 4 . 1 . 1 7 4 Engine 12 | 1 1 2 2 1 . . 4 . . . 1 . . . . . . Core 8 | . . . . 1 . . 3 . . . 3 . 1 . . . . Reactor 13 | . . . . . . . 1 . . . . . . . 1 7 4 Propulsion 71 | 2 1 6 2 5 . . 12 . . . 4 3 2 6 5 13 10 Treads 5 | . . 1 . . . . . . . . 2 . . 2 . . . Leg 21 | . . . . 2 . . 7 . . . 1 1 . . 1 3 6 Wheel 15 | 2 1 5 2 1 . . 3 . . . 1 . . . . . . Hover 21 | . . . . . . . . . . . . 2 1 3 1 10 4 Flight 9 | . . . . 2 . . 2 . . . . . 1 1 3 . . Utility 71 | 2 2 2 1 15 1 . 14 . . . 4 4 3 4 3 9 7 Device 37 | 1 . 1 . 9 1 . 7 . . . 2 2 1 . . 7 6 Storage 8 | 1 2 . . . . . 1 . . . 1 . 2 . . . 1 Processor 10 | . . 1 . 4 . . 4 . . . . 1 . . . . . Hackware 8 | . . . . . . . 1 . . . . . . 4 3 . . Protection 7 | . . . 1 2 . . 1 . . . 1 1 . . . 1 . Artifact 1 | . . . . . . . . . . . . . . . . 1 . Weapon 50 | 2 1 5 1 4 . . 8 1 . . 2 2 . 3 8 7 6 Energy Gun 15 | 1 1 1 . . . . 1 . . . . . . . 4 2 5 Energy Cannon 4 | . . . . . . . . . . . . . . . . 3 1 Ballistic Gun 6 | 1 . 2 . . . . 1 . . . . 2 . . . . . Ballistic Cannon 5 | . . . . 1 . . 1 . . . . . . . 2 1 . Launcher 5 | . . . . . . . 1 . . . . . . 3 1 . . Special Weapon 2 | . . . . . . . . . . . 2 . . . . . . Impact Weapon 4 | . . . . . . . 2 . . . . . . . 1 1 . Slashing Weapon 7 | . . 1 1 2 . . 2 1 . . . . . . . . . Piercing Weapon 1 | . . . . 1 . . . . . . . . . . . . . Special Melee Weapon 1 | . . 1 . . . . . . . . . . . . . . . Unidentified Prototypes 10 | . . 1 . 2 . . . . . 2 . 1 . . . 4 . Corrupted Parts 1 | . . . . . . . 1 . . . . . . . . . . System Corruption 2 | . . . . . . . 2 . . . . . . . . . . Parts Lost 128 | . 2 8 . 22 . . 9 1 . . 10 18 . 6 10 28 14 Power 20 | . 1 1 . 1 . . 3 . . . 3 2 . . 1 5 3 Propulsion 45 | . 1 5 . 6 . . 2 . . . 2 6 . 2 4 10 7 Utility 40 | . . . . 12 . . 2 1 . . 4 5 . 1 3 9 3 Weapon 23 | . . 2 . 3 . . 2 . . . 1 5 . 3 2 4 1 Highest Loss Streak 19 | . 2 3 . 13 . . 2 1 . . 3 11 . 4 6 19 6 To Critical Strikes 2 | . . . . . . . . . . . . 1 . . . 1 . Average Backups 12 | 1 7 17 15 12 4 4 8 9 10 10 8 9 1 3 6 8 3 Power 1 | . . 2 1 1 1 1 . 1 1 1 . 1 . . . . . Propulsion . | . 2 1 . . . . . . . . . . . 3 1 1 . Utility 5 | . 2 8 7 8 1 1 5 6 5 5 3 2 . . 1 . . Weapon 4 | . 1 5 5 2 2 2 2 2 3 3 3 4 1 . 3 5 3 Tool/Special . | . . . . . . . . . . . . . . . . . . Unused Backups 43 | . . 7 15 9 . . 4 . 1 . . 3 . . 1 . 3 Power 6 | . . 3 2 1 . . . . . . . . . . . . . Propulsion 4 | . . 2 . 2 . . . . . . . . . . . . . Utility 18 | . . 2 4 5 . . 3 . 1 . . . . . 1 . 2 Weapon 15 | . . . 9 1 . . 1 . . . . 3 . . . . 1 Tool/Special . | . . . . . . . . . . . . . . . . . . Average Slot Usage (%) 77 | . 99 86 62 69 31 33 88 93 94 93 84 86 47 66 68 78 62 Engine 5 | . 14 12 9 4 . . 2 . . . . . . . . . . Core 1 | . . . . 3 . . 3 5 5 5 5 8 3 4 . . . Reactor 1 | . . . . . . . 2 5 5 5 . . . . 2 6 4 Treads 2 | . . . 9 2 . . . . . . 1 4 . 6 . . . Leg 5 | . . . . 2 . . 15 17 17 17 12 11 . . . 4 11 Wheel 7 | . 27 21 5 6 . . 3 . . . . . . . . . . Hover 1 | . . . . . . . . . . . . . 5 9 3 14 4 Device 8 | . 14 12 2 14 12 13 10 10 11 10 5 13 2 4 . 5 18 Storage 7 | . 14 12 9 4 . . 4 5 5 5 6 4 7 9 7 3 1 Processor 13 | . . 2 9 9 6 6 23 29 29 29 29 29 19 17 13 8 4 Hackware 1 | . . . . . . . . . . . . . . 1 22 18 6 Protection 1 | . . . 1 3 . . 1 . . . 2 . . . . 2 . Energy Gun 1 | . 14 1 . . . . 1 . . . . . . . 3 3 9 Ballistic Gun 4 | . 14 8 8 . . . . . . . . 5 . . . . . Impact Weapon 1 | . . . . . . . 3 11 11 11 5 1 . . 1 . . Slashing Weapon 6 | . . 11 8 9 5 6 4 5 5 5 4 . . . . . . Peak Build Rating 178 | 7 8 34 53 110 28 28 113 109 109 109 109 117 72 138 151 178 135 Average Rating 62 | 5 7 20 34 88 27 28 88 107 108 108 89 103 61 99 124 140 94 On Entrance 60 | . 7 8 34 53 20 28 28 109 108 109 109 106 34 72 137 90 34 Avg Prop Armor Cover (%) 7 | . . 7 11 6 . . 3 . . . 6 7 3 11 4 7 18 Naked Turns 22 | . . . . 22 . . . . . . . . . . . . . Heaviest Build 94 | 12 48 54 59 94 6 6 85 67 67 67 76 83 20 54 51 74 48 Greatest Support 103 | 20 20 30 20 56 6 6 103 95 95 95 95 53 32 70 54 94 100 Greatest Overweight (x) 18 | . 2 17 18 3 . . 2 . . . 2 4 . 1 3 2 3 Average Overweight (x) 1 | . 1 3 2 1 . . . . . . . 1 . . . . . Largest Inventory Capacity 20 | 8 20 20 20 20 5 5 10 10 10 10 10 10 10 10 10 10 5 Average Capacity 14 | 7 15 19 20 18 5 5 9 10 10 10 10 9 9 10 10 9 5 Most Carried 20 | 4 14 20 20 20 5 5 10 10 10 10 10 10 5 10 10 10 5 Average Carried 13 | 1 7 18 16 14 4 5 9 9 9 10 8 9 2 7 7 9 3 Final Capacity 20 | 8 20 20 20 5 5 5 10 10 10 10 10 5 10 10 10 5 5 Final Carried 20 | 4 14 19 20 5 5 5 10 10 10 10 10 5 2 10 9 5 5 Scrap Suit Usage (%) 3 | . . . . 64 . . . . . . . . . . . . . Parts Cannibalized 2 | . . . . 2 . . . . . . . . . . . . . Class Distribution -------------------- 46% | Mutant 14% | Gladiator 8% | Scavenger-Gladiator 7% | Scavenger-Gunner 4% | Derelict-Mutant 4% | Scavenger-Mutant 3% | Wizard-Mutant Dominant Class ---------------- Mutant | -10/Materials Mutant | -10/Subcaves Mutant | -9/Scraptown Scrapper | -6/Factory Mutant | -6/Lower Caves Mutant | -6/Lower Caves Scavenger-Gladiator | -5/Factory Gladiator | -5/Upper Caves Gladiator | -5/Upper Caves Gladiator | -5/Zhirov Gladiator | -4/Proximity Caves Scavenger-Gunner | -4/Factory Mutant | -3/Research Mutant | -3/DSF Wizard-Mutant | -2/Research Wizard-Gunner | -2/Quarantine Scavenger-Gunner | -2/Garrison Resources | -11 -10 -10 -9 -6 -6 -6 -5 -5 -5 -5 -4 -4 -3 -3 -2 -2 -2 ----------- Run | Yrd Mat Sub Scr Fac Low Low Fac Upp Upp Zhi Pro Fac Res DSF Res Qua Gar Matter Collected 4595 | 213 217 211 90 266 81 . 790 20 . 40 361 334 16 103 277 1218 358 Remotely . | . . . . . . . . . . . . . . . . . . Salvage Created 10126 | 52 409 226 51 1501 31 38 3044 462 . 113 717 532 . 358 279 1644 669 Parts 434 | 9 27 17 5 47 1 2 134 3 . . 22 32 . 7 14 81 33 Haulers Intercepted 4 | . 1 . . 1 . . 2 . . . . . . . . . . Recyclers Shooed 3 | . . . . . . . 1 . . . . 2 . . . . . Parts Field Recycled . | . . . . . . . . . . . . . . . . . . Retrieved Matter . | . . . . . . . . . . . . . . . . . . Parts Self-Destructed 42 | . . 15 . . . . . 10 . . 17 . . . . . . Prevented 3 | . . . . . . . . 3 . . . . . . . . . Parts Restored . | . . . . . . . . . . . . . . . . . . Kills | -11 -10 -10 -9 -6 -6 -6 -5 -5 -5 -5 -4 -4 -3 -3 -2 -2 -2 ------- Run | Yrd Mat Sub Scr Fac Low Low Fac Upp Upp Zhi Pro Fac Res DSF Res Qua Gar Combat Hostiles Destroyed 159 | . 10 4 1 23 . . 47 6 . . 16 11 . 5 2 24 10 Melee 49 | . . 1 1 21 . . 19 2 . . 3 . . . . 2 . Guns 45 | . 10 3 . . . . 8 . . . . 8 . . . 10 6 Cannons 17 | . . . . 1 . . . . . . . . . . 2 11 3 AOE 23 | . . . . . . . 15 . . . 3 . . 5 . . . Classes Destroyed 22 | 1 6 1 1 3 1 . 1 1 . . 4 . . 1 . 2 . Worker 5 | . 1 . . . . . 3 . . . . . . . . 1 . Builder 9 | . 1 . . . . . 4 . . . . 2 . . 1 1 . Tunneler 5 | 3 . . . . . . 2 . . . . . . . . . . Hauler 4 | . 1 . . 1 . . 2 . . . . . . . . . . Recycler 7 | . . . . 3 . . 3 . . . . . . . 1 . . Operator 1 | . . . . . . . . . . . . . . . . 1 . Drone 1 | . . . . . . . . . . . 1 . . . . . . Watcher 3 | . . . . . . . 1 . . . . 2 . . . . . Swarmer 44 | . 3 2 . 10 . . 13 . . . 4 6 . . . 4 2 Grunt 73 | . 6 1 . 8 . . 25 5 . . 3 2 . 4 . 13 6 Brawler 1 | . . . . . . . . . . . 1 . . . . . . Duelist 2 | . . . . . . . . 1 . . . . . . . 1 . Researcher 2 | . . . . . . . . . . . . . . . . 2 . Sentry 5 | . . 1 . 1 . . 2 . . . 1 . . . . . . Specialist 3 | . . . . . . . . . . . 3 . . . . . . Hunter 9 | . . . . 2 . . 2 . . . 2 3 . . . . . Programmer 17 | . . . . 2 . . 4 . . . 1 . . . 2 6 2 Heavy 1 | . . . . . . . . . . . . . . 1 . . . Subdweller 1 | . 1 . . . . . . . . . . . . . . . . Ranger 1 | . . . 1 . . . . . . . . . . . . . . Samaritan 2 | . . . . . 1 1 . . . . . . . . . . . Tinkerer 1 | . . . . . . . . . . . 1 . . . . . . Best Kill Streak 14 | 3 3 2 1 10 . . 14 3 . . 4 5 . 5 3 7 3 Combat Bots Only 11 | . 2 2 1 7 . . 11 3 . . 4 4 . 5 2 5 3 Max Kills in Single Turn 6 | 1 1 1 1 2 1 1 6 1 . . 2 1 . 2 1 2 1 Gunslinging . | . . . . . . . . . . . . . . . . . . Exploded 5 | . . . . . . . 5 . . . 2 . . 2 . . . Melee 2 | . . 1 1 2 . . 1 1 . . 1 . . . . 1 . Uniques/NPCs Destroyed 1 | . . . . . . . 1 . . . . . . . . . . 7V-RTL (-5/Factory) Combat | -11 -10 -10 -9 -6 -6 -6 -5 -5 -5 -5 -4 -4 -3 -3 -2 -2 -2 -------- Run | Yrd Mat Sub Scr Fac Low Low Fac Upp Upp Zhi Pro Fac Res DSF Res Qua Gar Hostile Shots Fired 1592 | . 48 22 14 248 . . 212 9 . . 179 176 . 88 200 278 118 Missed 534 | . 13 8 4 71 . . 60 3 . . 63 63 . 35 93 88 33 Hits 1058 | . 35 14 10 177 . . 152 6 . . 116 113 . 53 107 190 85 Melee 7 | . . . . 1 . . . . . . 4 . . . . 2 . Projectile 1051 | . 35 14 10 176 . . 152 6 . . 112 113 . 53 107 188 85 AOE 20 | . . . . 20 . . . . . . . . . . . . . Critical Strikes 46 | . . . . 8 . . 4 . . . 4 4 . 4 1 12 9 Actively Blocked 1 | . . . . . . . . . . . . . . . . 1 . Part Disruptions 3 | . . . . 1 . . 1 . . . 1 . . . . . . Damage Taken 21123 | . 389 411 115 3794 . . 3010 120 . . 1821 1751 . 1432 2258 4128 1894 Core 4025 | . 61 81 10 824 . . 470 17 . . 164 508 . 427 448 603 412 Absorbed by Shields 1351 | . . . . 92 . . 160 . . . 351 616 . . . . 132 Redirected to Shielding 163 | . . . . . . . . . . . . 86 . . . 77 . Regen/Repaired (Parts) 151 | . . . . 151 . . . . . . . . . . . . . Core Remaining (%) 49 | 100 . . 39 . . 3 . . . . 30 55 . 67 . . . Volleys Fired 244 | 6 34 12 . 3 . . 27 . . . 16 37 . 5 11 61 32 Largest 3 | 2 2 2 . 1 . . 3 . . . 2 3 . 3 2 3 3 Hottest 277 | 60 70 70 . 44 . . 166 . . . 50 105 . 156 113 243 277 Shots Fired 521 | 12 66 20 . 3 . . 52 . . . 19 62 . 11 17 173 86 Gun 346 | 12 66 20 . . . . 47 . . . . 49 . . 5 77 70 Cannon 127 | . . . . 3 . . . . . . . . . . 12 96 16 Launcher 17 | . . . . . . . 5 . . . 2 . . 10 . . . Special 31 | . . . . . . . . . . . 17 13 . 1 . . . Kinetic 205 | 6 34 19 . 3 . . 24 . . . . 49 . . 12 55 3 Thermal 275 | 6 32 1 . . . . 23 . . . 3 4 . . 5 118 83 Explosive 17 | . . . . . . . 5 . . . 2 . . 10 . . . Electromagnetic . | . . . . . . . . . . . . . . . . . . Robot Hit Streak 14 | 6 12 13 . 4 . . 8 . . . 3 8 . 3 2 14 9 Robot Miss Streak 14 | 1 4 2 . 7 . . 14 . . . 9 2 . 2 2 4 3 Penetration Max 1 | . . . . . . . 1 . . . . 1 . . . . . Secondary Targets 5 | . 2 . . . . . 2 . . . . . . . . 1 . Max Gunslinging Chain 1 | . 1 . . . . . 1 . . . . . . . . 1 . Shots Hit Robots 506 | 9 42 28 1 64 2 1 106 11 . 2 23 39 . 6 10 109 53 Core Hits 291 | 3 21 8 1 30 . 1 84 2 . 2 19 19 . 22 6 52 21 Critical Kills 9 | . . . . 1 . . 3 . . . 1 3 . . . . 1 Critical Parts Destroyed 21 | . . . . . . . 8 2 . . 4 4 . . . 3 . Critical Strikes 48 | . 1 . . 2 . . 18 2 . . 6 7 . . . 11 1 Burn 3 | . 1 . . . . . 1 . . . . . . . . 1 . Meltdown 2 | . . . . 1 . . . . . . . . . . . . 1 Destroy 9 | . . . . . . . 2 . . . . 7 . . . . . Blast 7 | . . . . . . . . . . . . . . . . 7 . Smash 19 | . . . . . . . 9 2 . . 5 . . . . 3 . Sever 8 | . . . . 1 . . 6 . . . 1 . . . . . . Melee Attacks 395 | . . 101 3 94 2 1 105 17 3 3 34 6 . . 8 16 2 Thermal 61 | . . . . 61 . . . . . . . . . . . . . Impact 123 | . . . . . . . 41 15 3 1 31 6 . . 8 16 2 Slashing 210 | . . 100 3 33 2 1 64 2 . 2 3 . . . . . . Piercing . | . . . . . . . . . . . . . . . . . . Sneak Attacks 24 | . . 1 . 5 2 1 13 . . . 1 1 . . . . . Combat Hostiles 3 | . . . . . . . 2 . . . 1 . . . . . . Follow-up Attacks 33 | . . . . 18 . . 9 2 . . 4 . . . . . . Damage Inflicted 26344 | 118 564 1260 59 4144 166 64 7629 790 . 169 1431 1256 . 2176 440 4486 1592 Guns 5436 | 118 564 140 . . . . 820 . . . . 921 . . 168 1575 1130 Cannons 3151 | . . . . 67 . . . . . . . . . . 221 2401 462 Explosions 4130 | . . . . . . . 1519 . . . 435 . . 2176 . . . Melee 13541 | . . 1120 59 4068 166 64 5290 790 . 169 980 330 . . 51 454 . Ramming 70 | . . . . 9 . . . . . . . 5 . . . 56 . Kinetic 3554 | 73 255 127 . 67 . . 385 . . . . 921 . . 221 1428 77 Thermal 8743 | 45 309 13 . 3256 . . 873 . . . 16 . . . 168 2548 1515 Explosive 3692 | . . . . . . . 1081 . . . 435 . . 2176 . . . Electromagnetic . | . . . . . . . . . . . . . . . . . . Impact 4671 | . . . . . . . 2188 729 . . 919 330 . . 51 454 . Slashing 5614 | . . 1120 59 812 166 64 3102 61 . 169 61 . . . . . . Piercing . | . . . . . . . . . . . . . . . . . . Highest Corruption 9 | . . . . . . . 4 . . . 3 1 . . 8 9 8 Average Corruption 4 | . . . . . . . 1 . . . 2 1 . . 6 7 4 Corruption Purged 19 | . . . . . . . 7 . . . 3 . . . . 9 . Corruption Blocked . | . . . . . . . . . . . . . . . . . . Effects 66 | . . . . . . . 4 . . . 8 . . . 11 29 14 Message Errors 17 | . . . . . . . 2 . . . 1 . . . 2 6 6 Matter Fused 15 | . . . . . . . . . . . 2 . . . 3 6 4 Heat Flow Errors 7 | . . . . . . . . . . . 1 . . . 1 3 2 Energy Discharges 11 | . . . . . . . 2 . . . . . . . 2 5 2 Parts Rejected 1 | . . . . . . . . . . . 1 . . . . . . Parts Fused 2 | . . . . . . . . . . . 1 . . . . 1 . Data Loss (minor) 6 | . . . . . . . . . . . 1 . . . 3 2 . Data Loss (major) 4 | . . . . . . . . . . . 1 . . . . 3 . Misfires 1 | . . . . . . . . . . . . . . . . 1 . Alerts 1 | . . . . . . . . . . . . . . . . 1 . Weapon Failures 1 | . . . . . . . . . . . . . . . . 1 . Overload Shots . | . . . . . . . . . . . . . . . . . . Overflow Damage 3018 | . . 90 . 519 74 . 1074 346 . . 491 104 . 37 3 250 30 Projectiles 64 | . . . . . . . . . . . . . . . 3 31 30 Explosions 212 | . . . . . . . 175 . . . . . . 37 . . . Melee 2742 | . . 90 . 519 74 . 899 346 . . 491 104 . . . 219 . Knockbacks 38 | . . . . . . . 9 3 . . 3 2 . . 3 17 1 Impact 20 | . . . . . . . 9 3 . . 3 2 . . . 3 . Kinetic 16 | . . . . . . . . . . . . . . . 2 13 1 Secondary 2 | . . . . . . . . . . . . . . . 1 1 . Self-Inflicted Damage 328 | . . . . . . . 137 . . . 142 2 . 19 . 28 . Shots 14 | . . . . . . . 6 . . . 7 . . 1 . . . Rammed 4 | . . . . . . . . . . . . 2 . . . 2 . Targets Rammed 5 | . . . . 1 . . . . . . . 2 . . . 2 . Kicked 1 | . . . . 1 . . . . . . . . . . . . . Crushed . | . . . . . . . . . . . . . . . . . . Highest Temperature 479 | . 164 . . 302 . . 309 . . . 65 . . 8 196 95 479 Average Temperature 79 | . 48 . . 65 . . 101 . . . 65 . . 8 110 20 152 Received Heat Transfer 3096 | . 153 57 6 538 . . 631 39 . . 107 61 . 255 99 432 718 Effects 3 | . . . . . . . . . . . . . . . . . 3 Interference 3 | . . . . . . . . . . . . . . . . . 3 Siege Activations . | . . . . . . . . . . . . . . . . . . Martial Activations . | . . . . . . . . . . . . . . . . . . Shielding Activations . | . . . . . . . . . . . . . . . . . . Robots Disrupted . | . . . . . . . . . . . . . . . . . . Combat Hostiles . | . . . . . . . . . . . . . . . . . . Robots Corrupted 19 | . . . . . . . 5 4 . . 6 2 . . 1 1 . Combat Hostiles 17 | . . . . . . . 5 4 . . 6 1 . . . 1 . Parts Fried 22 | . . . . . . . 7 3 . . 5 2 . . 4 1 . Impact Corruptions 49 | . . . . . . . 20 9 . . 11 4 . . 1 4 . Robots Melted 2 | . . . . 1 . . . . . . . . . . . . 1 Combat Hostiles 2 | . . . . 1 . . . . . . . . . . . . 1 Parts Melted 28 | . 1 . . 17 . . 1 . . . . . . . . 3 6 Heat Transferred 12153 | 100 916 37 . 4920 . . 1003 . . . 37 . . . 185 3031 1924 Parts Sabotaged . | . . . . . . . . . . . . . . . . . . Parts Stolen . | . . . . . . . . . . . . . . . . . . Parts Stripped . | . . . . . . . . . . . . . . . . . . Power Chain Reactions . | . . . . . . . . . . . . . . . . . . Alert | -11 -10 -10 -9 -6 -6 -6 -5 -5 -5 -5 -4 -4 -3 -3 -2 -2 -2 ------- Run | Yrd Mat Sub Scr Fac Low Low Fac Upp Upp Zhi Pro Fac Res DSF Res Qua Gar Maximum Alert Level 4 | . . . . 1 . . 4 . . . . 1 . 1 1 2 2 Low Security (%) 52 | 100 100 . . 86 . . 22 . . . . 68 100 48 74 56 . Level 1 18 | . . . . 13 . . 21 . . . . 31 . 51 25 11 22 Level 2 16 | . . . . . . . 13 . . . . . . . . 31 77 Level 3 7 | . . . . . . . 24 . . . . . . . . . . Level 4 5 | . . . . . . . 17 . . . . . . . . . . Level 5 . | . . . . . . . . . . . . . . . . . . High Security . | . . . . . . . . . . . . . . . . . . Max Security . | . . . . . . . . . . . . . . . . . . Peak Influence 1288 | 10 97 . . 317 . . 1288 . . . . 353 25 332 254 563 516 Initial 353 | . . . . . . . 18 . . . . 353 25 . 177 78 303 Average 312 | . 54 . . 128 . . 577 . . . . 199 9 156 147 269 446 Influence Increases 7510 | 15 304 282 . 948 . . 2456 214 . . 380 626 5 357 561 1029 333 Destroy 0b10 Robot/C 3720 | . 180 160 . 560 . . 1260 180 . . 300 220 . 100 40 520 200 Destroy 0b10 Robot/NC 230 | 15 15 . . 25 . . 100 5 . . 5 20 . 20 10 15 . Destroy Leader 536 | . 32 10 . 132 . . 198 10 . . 30 34 . 10 10 50 20 Allied During Kill 313 | . . 67 . 92 . . 135 19 . . . . . . . . . Successful Hack 222 | . 17 . . 30 . . 74 . . . . . 5 . 39 57 . Disable Machine 300 | . 15 . . 15 . . 135 . . . . 15 . . . 120 . Anti-Garrison Action 50 | . . . . . . . . . . . . . . . . . 50 Destroy Structure 714 | . . . . 4 . . 374 . . . . 22 . 182 27 87 18 Advance Influence 300 | . . . . . . . . . . . . 300 . . . . . Partial Spotted 75 | . . . . . . . 15 . . . . . . . 30 30 . Lose Combat Pursuer 1050 | . 45 45 . 90 . . 165 . . . 45 15 . 45 405 150 45 Influence Decreases 7014 | 15 259 234 93 744 167 8 1199 772 441 287 294 663 54 40 739 763 242 Entered New Map 1473 | . . 22 93 . 77 8 11 476 139 287 . 33 24 . 140 61 102 Time Decay 3421 | 15 239 189 . 374 90 . 608 286 302 . 264 350 30 . 252 422 . Search Patrol Dispatched 100 | . . . . . . . . . . . . 100 . . . . . Lost Part 1133 | . 20 23 . 220 . . 90 10 . . 30 180 . 40 100 280 140 Lost Ally 190 | . . . . 150 . . 40 . . . . . . . . . . Purge Threat 697 | . . . . . . . 450 . . . . . . . 247 . . Squads Dispatched 49 | . 1 . . 12 . . 21 . . . . 3 . 1 6 5 . Investigation 7 | . . . . . . . 5 . . . . 1 . . 1 . . Extermination 13 | . . . . 3 . . 4 . . . . 1 . . 3 2 . Reinforcement 19 | . 1 . . 6 . . 6 . . . . 1 . 1 1 3 . Assault 2 | . . . . . . . 2 . . . . . . . . . . Garrison 8 | . . . . 3 . . 4 . . . . . . . 1 . . Intercept . | . . . . . . . . . . . . . . . . . . Searches Triggered 1 | . . . . . . . . . . . . 1 . . . . . Construction Impeded 3 | . . . . . . . 2 . . . . 1 . . . . . Haulers Reinforced 4 | . . . . 1 . . 3 . . . . . . . . . . Active Scanning Responses . | . . . . . . . . . . . . . . . . . . Cargo Convoy Interrupts . | . . . . . . . . . . . . . . . . . . Stealth | -11 -10 -10 -9 -6 -6 -6 -5 -5 -5 -5 -4 -4 -3 -3 -2 -2 -2 --------- Run | Yrd Mat Sub Scr Fac Low Low Fac Upp Upp Zhi Pro Fac Res DSF Res Qua Gar Distress Signals 4 | . . . . 3 . . . . . . . . . . . 1 . Communications Jammed 36 | . . . . . . . 1 . . . . . . . . 35 . Distress Signals 31 | . . . . . . . . . . . . . . . . 31 . Times Spotted 349 | . 18 19 6 46 . 4 69 9 . . 20 36 . 14 46 46 16 Peak Tracking Total 18 | . 4 4 2 5 . 4 6 5 . . 4 10 . 7 18 7 7 Tactical Retreats 43 | . 2 1 . 5 . . 8 . . . 3 6 . 2 9 5 2 ECM-based Alert Blocks 12 | . . . . . . . . . . . . 12 . . . . . ID Masks Used 1 | . . . . 1 . . . . . . . . . . . . . IFF Responses 161 | . . . . 161 . . . . . . . . . . . . . Traps | -11 -10 -10 -9 -6 -6 -6 -5 -5 -5 -5 -4 -4 -3 -3 -2 -2 -2 ------- Run | Yrd Mat Sub Scr Fac Low Low Fac Upp Upp Zhi Pro Fac Res DSF Res Qua Gar Traps Triggered 13 | . . 4 . 3 . . 1 . . . . . . . . . 5 Indirectly . | . . . . . . . . . . . . . . . . . . Trap Hack Attempts 6 | . . 6 . . . . . . . . . . . . . . . Triggered . | . . . . . . . . . . . . . . . . . . Disarmed 1 | . . 1 . . . . . . . . . . . . . . . Reprogrammed . | . . . . . . . . . . . . . . . . . . Reused . | . . . . . . . . . . . . . . . . . . Traps Extracted . | . . . . . . . . . . . . . . . . . . Installed . | . . . . . . . . . . . . . . . . . . Triggered . | . . . . . . . . . . . . . . . . . . Machines | -11 -10 -10 -9 -6 -6 -6 -5 -5 -5 -5 -4 -4 -3 -3 -2 -2 -2 ---------- Run | Yrd Mat Sub Scr Fac Low Low Fac Upp Upp Zhi Pro Fac Res DSF Res Qua Gar Machines Disabled 28 | . 1 1 3 1 . . 9 . 1 . 2 1 . . . 8 1 Max in Single Turn 4 | . 1 1 1 . . . 4 . 1 . 1 1 . . . 1 1 Garrison Relay 1 | . . . . . . . . . . . . . . . . . 1 Machines Repaired . | . . . . . . . . . . . . . . . . . . Machines Dismantled 1 | . . . . . . . . . . . 1 . . . . . . Machines Sabotaged . | . . . . . . . . . . . . . . . . . . Overloaded Fab Kills . | . . . . . . . . . . . . . . . . . . Hacking | -11 -10 -10 -9 -6 -6 -6 -5 -5 -5 -5 -4 -4 -3 -3 -2 -2 -2 --------- Run | Yrd Mat Sub Scr Fac Low Low Fac Upp Upp Zhi Pro Fac Res DSF Res Qua Gar Machines Accessed 59 | . 3 2 8 5 . . 15 . 1 9 . 1 1 . 6 8 . Terminals 25 | . 3 . . 3 . . 7 . . . . . 1 . 4 7 . Fabricators 1 | . . . . . . . 1 . . . . . . . . . . Repair Stations 1 | . . . . 1 . . . . . . . . . . . . . Recycling Units 6 | . . . . . . . 5 . . . . 1 . . . . . Scanalyzers 3 | . . . . . . . 1 . . . . . . . 2 . . Garrison Access 3 | . . . . 1 . . 1 . . . . . . . . 1 . Total Hacks 219 | . 10 5 55 13 . . 33 . 1 48 . 2 3 . 26 23 . Successful 181 | . 6 5 55 8 . . 19 . 1 48 . . 1 . 20 18 . Failed 38 | . 4 . . 5 . . 14 . . . . 2 2 . 6 5 . Catastrophic 4 | . . . . 1 . . 1 . . . . 1 . . . 1 . Database Lockouts . | . . . . . . . . . . . . . . . . . . Manual 58 | . 5 . 1 6 . . 24 . . . . 2 . . 13 7 . Terminals 86 | . 10 . . 10 . . 21 . . . . . 3 . 20 22 . Fabricators 1 | . . . . . . . 1 . . . . . . . . . . Repair Stations 2 | . . . . 2 . . . . . . . . . . . . . Recycling Units 11 | . . . . . . . 9 . . . . 2 . . . . . Scanalyzers 7 | . . . . . . . 1 . . . . . . . 6 . . Garrison Access 3 | . . . . 1 . . 1 . . . . . . . . 1 . Terminal Hacks 141 | . 3 5 55 2 . . 5 . 1 48 . . 1 . 9 12 . Record 99 | . . 4 48 1 . . 1 . 1 36 . . . . 3 5 . Part Schematic 4 | . . . . . . . . . . 4 . . . . . . . Robot Analysis 12 | . . . 6 . . . . . . 4 . . . . . 2 . Prototype ID Bank 5 | . 1 . . . . . . . . 4 . . . . . . . Open DSF 1 | . . . . . . . . . . . . . 1 . . . . Branch Access Points 3 | . . . . 1 . . . . . . . . . . 1 1 . Machine Index 1 | . . . . . . . . . . . . . . . . 1 . Terminal Index 1 | . 1 . . . . . . . . . . . . . . . . Alert Level 4 | . . . . . . . 1 . . . . . . . 1 2 . Unreport Threat 5 | . . . . . . . 3 . . . . . . . 2 . . Dispatch Records 1 | . . . . . . . . . . . . . . . 1 . . Investigation Status 1 | . . . . . . . . . . . . . . . 1 . . Zone Layout 2 | . 1 . . . . . . . . . . . . . . 1 . Proto ID Catalog 2 | . . 1 1 . . . . . . . . . . . . . . Fabricator Hacks 1 | . . . . . . . 1 . . . . . . . . . . Build 1 | . . . . . . . 1 . . . . . . . . . . Repair Station Hacks 2 | . . . . 2 . . . . . . . . . . . . . Scan Component 1 | . . . . 1 . . . . . . . . . . . . . Repair 1 | . . . . 1 . . . . . . . . . . . . . Recycling Unit Hacks . | . . . . . . . . . . . . . . . . . . Scanalyzer 6 | . . . . . . . . . . . . . . . 6 . . Retrieve Study 6 | . . . . . . . . . . . . . . . 6 . . Garrison Access Hacks 2 | . . . . 1 . . . . . . . . . . . 1 . Unlock Access 2 | . . . . 1 . . . . . . . . . . . 1 . Unauthorized Hacks 29 | . 3 . . 3 . . 13 . . . . . . . 5 5 . Terminals 24 | . 3 . . 3 . . 8 . . . . . . . 5 5 . Assimilate 2 | . . . . . . . 1 . . . . . . . 1 . . Botnet 22 | . 3 . . 3 . . 7 . . . . . . . 4 5 . Fabricators . | . . . . . . . . . . . . . . . . . . Repair Stations . | . . . . . . . . . . . . . . . . . . Recycling Units 5 | . . . . . . . 5 . . . . . . . . . . Fedlink 4 | . . . . . . . 4 . . . . . . . . . . Scrapoids 1 | . . . . . . . 1 . . . . . . . . . . Scanalyzers . | . . . . . . . . . . . . . . . . . . Garrison Access . | . . . . . . . . . . . . . . . . . . Data Cores Recovered 2 | . . . . 1 . . . . . . . . . . . 1 . Used 1 | . . . . 1 . . . . . . . . . . . . . Hacking Detections 30 | . 2 . . 4 . . 11 . . . . 1 . . 6 6 . Full Trace Events 2 | . . . . . . . . . . . . 1 . . 1 . . Feedback Events . | . . . . . . . . . . . . . . . . . . Feedback Blocked 1 | . . . . . . . . . . . . . . . 1 . . Robot Schematics Acquired . | . . . . . . . . . . . . . . . . . . Robots Built . | . . . . . . . . . . . . . . . . . . Authchips . | . . . . . . . . . . . . . . . . . . Time . | . . . . . . . . . . . . . . . . . . Total Robot Build Rating . | . . . . . . . . . . . . . . . . . . Part Schematics Acquired 12 | . . . . . . . . . . 4 . . . . . 8 . Parts Built 1 | . . . . . . . 1 . . . . . . . . . . Authchips . | . . . . . . . . . . . . . . . . . . Time 139 | . . . . . . . 139 . . . . . . . . . . Total Part Build Rating 9 | . . . . . . . 9 . . . . . . . . . . Part Studies Acquired 6 | . . . . . . . . . . . . . . . 6 . . Parts Repaired 1 | . . . . 1 . . . . . . . . . . . . . Time 44 | . . . . 44 . . . . . . . . . . . . . Parts Recycled . | . . . . . . . . . . . . . . . . . . Recycled Matter . | . . . . . . . . . . . . . . . . . . Retrieved Matter . | . . . . . . . . . . . . . . . . . . Retrieved Components . | . . . . . . . . . . . . . . . . . . Parts Scanalyzed . | . . . . . . . . . . . . . . . . . . Part Schematics Acquired . | . . . . . . . . . . . . . . . . . . Parts Damaged . | . . . . . . . . . . . . . . . . . . Bothacking | -11 -10 -10 -9 -6 -6 -6 -5 -5 -5 -5 -4 -4 -3 -3 -2 -2 -2 ------------ Run | Yrd Mat Sub Scr Fac Low Low Fac Upp Upp Zhi Pro Fac Res DSF Res Qua Gar Used RIF Installer . | . . . . . . . . . . . . . . . . . . Robots Hacked 1 | . . 1 . . . . . . . . . . . . . . . Non-combat 1 | . . 1 . . . . . . . . . . . . . . . Combat . | . . . . . . . . . . . . . . . . . . Robot Hacks Applied 1 | . . 1 . . . . . . . . . . . . . . . parse_system 1 | . . 1 . . . . . . . . . . . . . . . Relay Couplers Released 3 | . . . . . . . . . . . . . . . . . 3 Machine Destruction 3 | . . . . . . . . . . . . . . . . . 3 Fabnet Peak Effective % . | . . . . . . . . . . . . . . . . . . Robots Rewired . | . . . . . . . . . . . . . . . . . . Allies Hacked 3 | . . . . 2 . . 1 . . . . . . . . . . Hacks Repelled . | . . . . . . . . . . . . . . . . . . Allies | -11 -10 -10 -9 -6 -6 -6 -5 -5 -5 -5 -4 -4 -3 -3 -2 -2 -2 -------- Run | Yrd Mat Sub Scr Fac Low Low Fac Upp Upp Zhi Pro Fac Res DSF Res Qua Gar Total Allies 23 | . . 15 . . . 1 6 . . . . . . . 1 . . Largest Group 12 | . . 12 11 9 . 1 5 2 1 1 1 . . . 1 . . Highest-Rated Group 238 | . . 228 209 171 . 180 238 94 47 47 47 . . . 45 . . Highest-Rated Ally 180 | . . 19 19 19 . 180 180 47 47 47 47 . . . 45 . . Initial UFD Resources 52 | . . . . 24 24 24 27 42 42 42 46 46 50 50 52 52 52 Total Orders 1 | . . . . . . . 1 . . . . . . . . . . EXPLORE 1 | . . . . . . . 1 . . . . . . . . . . Ally Attacks 197 | . . 30 27 47 . . 68 23 . . 2 . . . . . . Total Damage 4776 | . . 646 447 612 . . 2566 505 . . . . . . . . . Kills 44 | . . 6 4 7 . . 23 4 . . . . . . . . . Allies Corrupted . | . . . . . . . . . . . . . . . . . . Allies Melted 3 | . . . 3 . . . . . . . . . . . . . . Intel | -11 -10 -10 -9 -6 -6 -6 -5 -5 -5 -5 -4 -4 -3 -3 -2 -2 -2 ------- Run | Yrd Mat Sub Scr Fac Low Low Fac Upp Upp Zhi Pro Fac Res DSF Res Qua Gar Active Infowar (turns) 2449 | 29 543 229 . 97 . . 265 . . . . 604 53 196 3 418 12 Sensors 252 | . . . . . . . . . . . . . 53 196 3 . . Structural 235 | . . . . . . . . . . . . . . . . 235 . Seismic 801 | 29 543 229 . . . . . . . . . . . . . . . Jamming 684 | . . . . . . . 265 . . . . . . . . 407 12 ECM 604 | . . . . . . . . . . . . 604 . . . . . ID Mask 97 | . . . . 97 . . . . . . . . . . . . . Robot Analysis Total 12 | . . . 6 . . . . . . 4 . . . . . 2 . Derelict Logs Recovered 10 | . . 2 3 . . . . 2 1 . 2 . . . . . . Drone Launches 3 | . . . . . . . 3 . . . . . . . . . . Drone Recoveries 2 | . . . . . . . 2 . . . . . . . . . . Exploration | -11 -10 -10 -9 -6 -6 -6 -5 -5 -5 -5 -4 -4 -3 -3 -2 -2 -2 ------------- Run | Yrd Mat Sub Scr Fac Low Low Fac Upp Upp Zhi Pro Fac Res DSF Res Qua Gar Turns Passed 21580 | 91 543 4707 5430 1076 185 13 2081 638 662 226 2507 791 100 196 549 1025 760 Spaces Moved 12592 | 68 339 2421 1859 759 444 27 1379 509 558 186 1383 288 111 139 943 720 459 Core 381 | 3 . 180 4 82 . . . . . . . 76 . . 6 28 2 Treads 1226 | . . 39 1151 . . . . . . . . 15 . 21 . . . Legs 3974 | . . . . 82 . . 799 509 558 186 1228 195 . . . 153 264 Wheels 4376 | 65 339 2202 704 513 . . 398 . . . 155 . . . . . . Hover 973 | . . . . . . . . . . . . 2 111 118 10 539 193 Flight 1662 | . . . . 82 444 27 182 . . . . . . . 927 . . Fastest Speed 34 | 50 80 107 90 40 40 40 35 116 116 116 80 50 56 50 34 40 60 Average Speed 141 | 78 98 176 271 90 40 40 106 116 116 116 162 177 58 96 39 63 111 Slowest Speed 950 | 80 110 900 950 330 40 40 185 116 116 116 190 320 60 176 200 190 200 Overloaded Moves . | . . . . . . . . . . . . . . . . . . Propulsion Burnouts . | . . . . . . . . . . . . . . . . . . Robots Hopped 12 | . . . . . . . . . . . . . . . 12 . . Potential Cave-ins 8 | . . 2 . 6 . . . . . . . . . . . . . Cave-ins Triggered . | . . . . . . . . . . . . . . . . . . Teleports 1 | . . . . . . . . . . 1 . . . . . . . Exploration Rate (%) 47 | 3 51 96 91 24 59 3 34 63 66 62 98 9 2 92 27 42 31 Regions Visited 17 Branch Regions 9 Pre-discovered Areas 11 | . . 2 2 . . . 1 1 . 3 2 . . . . . . Known Exits Taken 6 | . . . . 1 . 1 . . . . . 1 1 . 1 1 . Unknown Exits Taken 10 | 1 1 1 1 . 1 . 1 1 1 1 1 . . . . . . Scrap Searched 27 | . . 14 4 . 2 . . 1 2 . 4 . . . . . . Spaces Dug 50 | . . 22 . 4 . . 4 2 2 . 7 2 . . 5 . 2 Terrain Destroyed 473 | . . 22 . 4 . . 163 2 2 . 98 14 . 122 12 27 7 Melee 49 | . . 22 . 4 . . 4 2 2 . 7 1 . . 5 . 2 Projectile 62 | . . . . . . . 10 . . . . 13 . . 7 27 5 AOE 362 | . . . . . . . 149 . . . 91 . . 122 . . . Terrain Rammed . | . . . . . . . . . . . . . . . . . . Walls Destroyed . | . . . . . . . . . . . . . . . . . . Machines Disabled . | . . . . . . . . . . . . . . . . . . Actions | -11 -10 -10 -9 -6 -6 -6 -5 -5 -5 -5 -4 -4 -3 -3 -2 -2 -2 --------- Run | Yrd Mat Sub Scr Fac Low Low Fac Upp Upp Zhi Pro Fac Res DSF Res Qua Gar Total 15357 | 89 479 2733 2258 1031 448 27 1800 538 569 193 1541 486 142 186 1084 1126 627 Wait 1512 | 5 93 126 345 132 . . 202 14 7 . 71 120 24 17 86 228 42 Move 12552 | 67 338 2420 1858 758 443 26 1378 508 557 185 1382 287 110 138 919 719 459 Hop 11 | . . . . . . . . . . . . . . . 11 . . Pick Up 156 | 4 9 33 19 15 1 . 22 1 1 . 9 8 . 8 8 15 3 Fast Attach 155 | 7 . 8 4 10 . . 31 . . 4 9 3 4 12 8 30 25 Attach 102 | . 2 8 2 21 2 . 9 1 . . 7 9 3 2 12 15 9 Detach 49 | . . 1 3 8 . . 10 . . . 1 2 . 2 10 6 6 Swap 34 | . 3 4 . 4 . . 5 1 . . 4 5 . . 2 6 . Drop 126 | . . 14 24 8 . . 26 . 1 2 5 7 . 2 9 28 . Fire 244 | 6 34 12 . 3 . . 27 . . . 16 37 . 5 11 61 32 Melee 345 | . . 101 3 71 2 1 90 13 3 2 27 6 . . 8 16 2 Ram 3 | . . . . . . . . . . . . 1 . . . 2 . Kick 1 | . . . . 1 . . . . . . . . . . . . . Crush 1 | . . . . . . . . . . . . 1 . . . . . Escape Stasis 49 | . . . . . . . . . . . . . . . . . 49 Rewire . | . . . . . . . . . . . . . . . . . . Trap 6 | . . 6 . . . . . . . . . . . . . . . Miscellaneous 11 | . . . . . . . . . . . 10 . 1 . . . . Route ------- -11/Scrapyard -10/Materials (discovered 4 exits: [*Mat x2] / [*Min] / *Sub) -10/Subcaves (discovered 4 exits: [*Mat x2] / [*Rec] / *Scr) -9/Scraptown (discovered 2 exits: *Fac x2) -6/Factory (discovered 5 exits: Fac x2 / *Low x2 / Gar) -6/Lower Caves -6/Lower Caves -5/Factory -5/Upper Caves -5/Upper Caves -5/Zhirov -4/Proximity Caves -4/Factory (discovered 2 exits: *Res / Upp) -3/Research -3/DSF -2/Research (discovered 2 exits: *Qua x2) -2/Quarantine -2/Garrison History --------- Turn | Location | Event 18 | -11/Scrapyard | Discovered new exit (range 16) 92 | -11/Scrapyard | Entered Materials 243 | -10/Materials | Discovered new exit (range 16) 305 | -10/Materials | Build established: Mutant 380 | -10/Materials | Discovered new exit (range 15) 469 | -10/Materials | Discovered new exit (range 15) 592 | -10/Materials | Derelicts attacked the area 601 | -10/Materials | Discovered new exit (range 9) 635 | -10/Materials | Entered Subcaves 636 | -10/Subcaves | Approached by a straggling Scientist 719 | -10/Subcaves | Lost 3 parts (1p1n1w) 845 | -10/Subcaves | Visited triangular shrine 858 | -10/Subcaves | Found Prototype Device 865 | -10/Subcaves | Identified V3-11A's Pendant 890 | -10/Subcaves | Scientist uncovered a shortcut to Scraptown 985 | -10/Subcaves | Build established: Scavenger-Mutant 1059 | -10/Subcaves | Shifting Twisted Machinery released Mak. Axe 1068 | -10/Subcaves | Shifting Twisted Machinery released Sub. Monowheel 1076 | -10/Subcaves | Approached by friendly Subdweller 1121 | -10/Subcaves | Shifting Twisted Machinery released Flamer 1127 | -10/Subcaves | Shifting Twisted Machinery released Sub. Laser 1145 | -10/Subcaves | Discovered new exit (range 8) 1300 | -10/Subcaves | Befriended Subdweller 1300 | -10/Subcaves | Befriended Subdweller 1437 | -10/Subcaves | Build established: Mutant 1533 | -10/Subcaves | A swath of the cavern ceiling suddenly collapsed 1595 | -10/Subcaves | Befriended Subdweller 1595 | -10/Subcaves | Befriended Subdweller 1829 | -10/Subcaves | Core integrity fell below 50% 1830 | -10/Subcaves | Befriended Subdweller 1840 | -10/Subcaves | Befriended Subdweller 1927 | -10/Subcaves | Disturbed a concealed Subdweller 1930 | -10/Subcaves | Befriended Subdweller 2560 | -10/Subcaves | Befriended Subdweller 2645 | -10/Subcaves | Befriended Subdweller 2760 | -10/Subcaves | Befriended Subdweller 2770 | -10/Subcaves | Befriended Subdweller 2891 | -10/Subcaves | Visited Clippyterm 2895 | -10/Subcaves | Learned location of Deep Caves (-7) 2904 | -10/Subcaves | Shifting Twisted Machinery released Sub. Power Source 2919 | -10/Subcaves | Shifting Twisted Machinery released Sub. Machine Gun 2926 | -10/Subcaves | Learned Materials terminal intel 2939 | -10/Subcaves | Discovered new exit (range 9) 2940 | -10/Subcaves | Befriended Subdweller 2940 | -10/Subcaves | Befriended Subdweller 3055 | -10/Subcaves | Befriended Subdweller 3154 | -10/Subcaves | Discovered new exit (range 10) 4062 | -10/Subcaves | Visited 4L-MR0's lab 4163 | -10/Subcaves | Found Rainbow Chip 4164 | -10/Subcaves | Attached Rainbow Chip, gained temporary slots: Power, Propulsion, Utility, Weapon 5342 | -10/Subcaves | Entered Scraptown 5342 | -9/Scraptown | Accompanied by 11 allies 5486 | -9/Scraptown | Build established: Derelict-Mutant 5900 | -9/Scraptown | Visited Cyclists 6048 | -9/Scraptown | Scanned Subdweller tech in exchange for log data 6071 | -9/Scraptown | Learned 12 Factory zone layouts 6075 | -9/Scraptown | Learned location of Extension (-5) 6078 | -9/Scraptown | Learned location of Quarantine (-2) 6221 | -9/Scraptown | Discovered new exit (range 13) 6444 | -9/Scraptown | Build established: Mutant 6874 | -9/Scraptown | Delivered V3-11A's Pendant to T0-NE2 in exchange for information 7524 | -9/Scraptown | Visited Comm Corps 7711 | -9/Scraptown | Visited CPS Storage 7996 | -9/Scraptown | Visited Red Mages 8165 | -9/Scraptown | Visited SPCMW 8262 | -9/Scraptown | Visited Awakened 8370 | -9/Scraptown | Visited Assassins FH 8546 | -9/Scraptown | Visited UFD Registry 8546 | -9/Scraptown | Registered with UFD as "Laserdisc" 8834 | -9/Scraptown | Entered Cyclist Reading Room 9115 | -9/Scraptown | Visited Junk Repository 9236 | -9/Scraptown | Delivered Scrap Shield to a Scientist 9386 | -9/Scraptown | Visited Curators Association 9438 | -9/Scraptown | Visited A0-MCA Data Center 9461 | -9/Scraptown | Visited Analyses Database 9527 | -9/Scraptown | Visited Scrapoid Research Area 9581 | -9/Scraptown | Visited Chapter 10 9608 | -9/Scraptown | Visited Science Guys 9666 | -9/Scraptown | Visited Modified Component R&D 9834 | -9/Scraptown | Given an A- rating by A0-MCA 9837 | -9/Scraptown | Found A0-MCA's Component Scanner 9893 | -9/Scraptown | Discovered new exit (range 5) 9913 | -9/Scraptown | Found Scrap Suit 9915 | -9/Scraptown | Found Scrap Suit 10142 | -9/Scraptown | Met Optimus 10142 | -9/Scraptown | Accepted into 0bPrime 10542 | -9/Scraptown | Civil war broke out across Scraptown 10547 | -9/Scraptown | Found Thermal Lance 10581 | -9/Scraptown | Found ID Mask 10583 | -9/Scraptown | Lost 3 allies 10634 | -9/Scraptown | Found Prototype Processor 10772 | -9/Scraptown | Entered Factory 10772 | -6/Factory | Accompanied by 9 allies 10772 | -6/Factory | Evolved 8 slots: Propulsion x2, Utility x5, Weapon x1 10773 | -6/Factory | Identified exit to Factory 10774 | -6/Factory | Identified Expert System 10868 | -6/Factory | Repaired Greatsword 10987 | -6/Factory | Spotted B-75 Beast 11003 | -6/Factory | Allies destroyed B-75 Beast 11083 | -6/Factory | Identified exit to Lower Caves 11183 | -6/Factory | Lost 5 allies 11289 | -6/Factory | Expert System configures itself against Grunt targets 11348 | -6/Factory | Build established: Scrapper 11362 | -6/Factory | Found Hvy. Reflective Plating 11370 | -6/Factory | Assembled infested ambush trap array 11390 | -6/Factory | Garrison activated, responded to threat 11419 | -6/Factory | Identified exit to Garrison 11476 | -6/Factory | ID Mask engaged 11499 | -6/Factory | Lost 6 parts (2n4u) 11573 | -6/Factory | ID Mask no longer valid 11617 | -6/Factory | Core integrity fell below 50% 11617 | -6/Factory | Expert System configures itself against Swarmer targets 11692 | -6/Factory | Destroyed 7 combat bots 11770 | -6/Factory | Core integrity fell below 20% 11802 | -6/Factory | Lost 13 parts (3n8u2w) 11848 | -6/Factory | Entered Lower Caves 11849 | -6/Lower Caves | Encountered a Warlord checkpoint 11850 | -6/Lower Caves | UFD Scientist delivered a prototype 11853 | -6/Lower Caves | Found Enh. Scrap Shield 11998 | -6/Lower Caves | Discovered new exit (range 3) 12025 | -6/Lower Caves | Build established: Mutant 12033 | -6/Lower Caves | Entered another Lower Caves area 12041 | -6/Lower Caves | 7V-RTL showed up to help 12043 | -6/Lower Caves | 7V-RTL revealed a hidden path 12046 | -6/Lower Caves | Entered Factory 12046 | -5/Factory | Accompanied by 1 ally (7V-RTL) 12046 | -5/Factory | Evolved 2 slots: Power x1, Utility x1 12434 | -5/Factory | Garrison activated, responded to threat 12509 | -5/Factory | Build established: Scavenger-Gladiator 12651 | -5/Factory | Found Scatter Rocket Array 12668 | -5/Factory | Loaded intel: 8 recycling unit locations 12851 | -5/Factory | P-70 Sage assimilated allied 7V-RTL 12882 | -5/Factory | Destroyed 7V-RTL 12919 | -5/Factory | Found 7V-RTL's Ultimate Field 12932 | -5/Factory | Found Adv. Powered Armor 12938 | -5/Factory | Found Adv. Powered Armor 13008 | -5/Factory | Learned location of Protoforge (-2) 13386 | -5/Factory | Destroyed 11 combat bots 13546 | -5/Factory | First assault squad dispatched 13565 | -5/Factory | Fabricated Hvy. Shield Leg (x1) 13768 | -5/Factory | Discovered new exit (range 2) 13871 | -5/Factory | Destroyed 7 combat bots 13912 | -5/Factory | Scrapoid reinforcements arrived 14104 | -5/Factory | Garrison activated, responded to threat 14127 | -5/Factory | Entered Upper Caves 14127 | -5/Upper Caves | Accompanied by 2 allies 14227 | -5/Upper Caves | Learned Factory terminal intel 14407 | -5/Upper Caves | Build established: Gladiator 14467 | -5/Upper Caves | Attracted the attention of an 0b10 checkpoint 14714 | -5/Upper Caves | Entered a destroyed Warlord outpost 14751 | -5/Upper Caves | Discovered new exit (range 12) 14765 | -5/Upper Caves | Entered another Upper Caves area 14765 | -5/Upper Caves | Accompanied by 1 ally 15024 | -5/Upper Caves | Found Alien Artifact 15353 | -5/Upper Caves | Learned 8 Factory zone layouts 15418 | -5/Upper Caves | Discovered new exit (range 7) 15427 | -5/Upper Caves | Entered Zhirov 15427 | -5/Zhirov | Accompanied by 1 ally 15427 | -5/Zhirov | Discovered new exit (range 3) 15448 | -5/Zhirov | Met Zhirov 15470 | -5/Zhirov | Learned location of Testing (-3) 15470 | -5/Zhirov | Learned location of Command (-1) 15495 | -5/Zhirov | Zhirov requested help retrieving the SGEMP Prototype 15521 | -5/Zhirov | Found Alien Artifact 15521 | -5/Zhirov | Identified Integrated Dissipator 15521 | -5/Zhirov | Installed Integrated Dissipator, increased core heat dissipation (+20) 15543 | -5/Zhirov | Found Alien Artifact 15543 | -5/Zhirov | Identified Transdimensional Reconstructor 15543 | -5/Zhirov | Warped through subspace 15544 | -5/Zhirov | Core integrity fell below 50% 15653 | -5/Zhirov | Entered Proximity Caves 15653 | -4/Proximity Caves | Accompanied by 1 ally 15656 | -4/Proximity Caves | Spotter reported a threat 15917 | -4/Proximity Caves | Spotter reported a threat 16015 | -4/Proximity Caves | Lost 3 parts (2p1n) 16363 | -4/Proximity Caves | Spotted B-86 Titan 17070 | -4/Proximity Caves | Build established: Scavenger-Gladiator 17239 | -4/Proximity Caves | Acquired the password to a Derelict Tinkerer's latest research 17313 | -4/Proximity Caves | Found Molecular Deconstructor 17387 | -4/Proximity Caves | Attracted the attention of an 0b10 checkpoint 17686 | -4/Proximity Caves | Build established: Gunner 17707 | -4/Proximity Caves | Caught by Unaware searching for contraband prototypes 17807 | -4/Proximity Caves | Caught by Unaware searching for contraband prototypes 18049 | -4/Proximity Caves | Build established: Scavenger-Gunner 18136 | -4/Proximity Caves | Discovered new exit (range 14) 18160 | -4/Proximity Caves | Entered Factory 18160 | -4/Factory | Evolved 2 slots: Utility x2 18161 | -4/Factory | Identified exit to Upper Caves 18161 | -4/Factory | Identified exit to Research 18162 | -4/Factory | Loaded intel: 24 terminal locations 18410 | -4/Factory | Search patrols dispatched 18832 | -4/Factory | Lost 3 parts (1p1n1w) 18902 | -4/Factory | Identified Dimensional Node Initializer 18902 | -4/Factory | Initialized slip node 18936 | -4/Factory | Lost 11 parts (1p3n3u4w) 18951 | -4/Factory | Entered Research 18951 | -3/Research | Evolved 2 slots: Propulsion x2 18982 | -3/Research | Lost 3 parts (1n2u) 19035 | -3/Research | Identified exit to DSF 19051 | -3/Research | Entered DSF 19073 | -3/DSF | Additional patrols routed to DSF 19118 | -3/DSF | Found Fusion Bomb Launcher 19120 | -3/DSF | Found Fusion Bomb Launcher 19123 | -3/DSF | Found Fusion Bomb Launcher 19126 | -3/DSF | Found Fusion Bomb Launcher 19210 | -3/DSF | Lost 4 parts (2n1u1w) 19229 | -3/DSF | Found Exp. Hacking Suite 19231 | -3/DSF | Found Exp. Hacking Suite 19233 | -3/DSF | Found Exp. Hacking Suite 19235 | -3/DSF | Found Exp. Hacking Suite 19240 | -3/DSF | Discovered new exit (range 11) 19247 | -3/DSF | Entered Research 19247 | -2/Research | Evolved 2 slots: Propulsion x1, Utility x1 19385 | -2/Research | Spotted B-90 Cyclops 19638 | -2/Research | Spotted B-90 Cyclops 19674 | -2/Research | Identified exit to Quarantine 19709 | -2/Research | Garrison activated, responded to threat 19796 | -2/Research | Entered Quarantine 19813 | -2/Quarantine | Lost 6 parts (3n2u1w) 19882 | -2/Quarantine | Found Alien Artifact 19882 | -2/Quarantine | Identified Subatomic Replicator 19944 | -2/Quarantine | Used Subatomic Replicator to replicate Hds. Centrium Leg 19978 | -2/Quarantine | Found Alien Energy Cannon 19978 | -2/Quarantine | Identified Core Cannon 20423 | -2/Quarantine | Scanned by Researcher 20462 | -2/Quarantine | Found Alien Artifact 20462 | -2/Quarantine | Identified Phase Redirector 20539 | -2/Quarantine | Found Alien Impact Weapon 20539 | -2/Quarantine | Identified Core Stripper 20588 | -2/Quarantine | Lost 3 parts (1n2u) 20759 | -2/Quarantine | Core integrity fell below 50% 20811 | -2/Quarantine | Identified exit to Garrison 20821 | -2/Quarantine | Entered Garrison 20831 | -2/Garrison | Lost 19 parts (3p8n6u2w) 20858 | -2/Garrison | Spotted B-90 Cyclops 20933 | -2/Garrison | Triggered checkpoint 20992 | -2/Garrison | Garrison Relay disabled 21081 | -2/Garrison | Core integrity fell below 20% 21128 | -2/Garrison | Lost 4 parts (2p1n1w) 21381 | -2/Garrison | Triggered checkpoint 21581 | -2/Garrison | Destroyed by B-90 Cyclops with Nova Cannon Last Messages --------------- 21474_ Acquired 17 matter. 21478_ Acquired Hvy. Laser. 21480_ System corrupted: Matter fused (-6). 21480_ Acquired 6 matter. 21482_ Acquired Adv. Heat Sink. 21484_ Acquired 10 matter. 21500_ 444H:,EUTY,GTZQH21EQJ3SH0C6 21528_ System corrupted: Heat flow error (+284). 21546_ System corrupted: Matter fused (-5). 21558_ Acquired 5 matter. 21568_ 1WM#YI P7RPKLCNKTFELE 21576_ Imp. Antigrav System destroyed. 21577_ Myomer Leg destroyed. 21578_ S-43 Plague destroyed. 21579_ Myomer Leg destroyed. 21579_ Critical hit (Meltdown: +380). [Achievement: Tester] Map ----- +----------------------------------------------------+ | ?????????????????????????????????????????????????? | | ?????????????????????????????????????????????????? | | ?????????????????????????????????????????????????? | | ?????????????????????????????????????????????????? | | ?????????????????????????????????????????????????? | | ?????????????????????????????????????????????????? | | ?????????????????????????????????????????????????? | | ?????????????????????????????????????????????????? | | ?????????????????????????????????????????????????? | | ?????????????????????????????????????????????????? | | ?????????????????????????????????????????????????? | | ?????????????????????????????????????????????????? | | ?????????????????????????????????????????????????? | | ???????????????"?????????????????????????????????? | | ????????????? ?????????????????????????????????? | | ????????????? ????????????????????????????????? | | ????????????? ???????????????????????????????? | | ??????????????# ??????????????????????????????? | | ?????????????## ##????????????????????????????? | | ?????????????? ???????????????????????????? | | ??????????????? ???????????????????????????? | | ????????????????? ??????????????????????????? | | ??????????????????? ??????????????????????????? | | ????????????????????# ???????###???????????????? | | ??????????????# ## BB########;################# | | ?????????# gBB%@ % ^^ | | ?????????# gs=%== ^ ^ | | ?????????# %######## ################ | | ?????????? ##""""#####??????## #??????????????? | | ??????????????????????????????#" #??????????????? | | ??????????????????????????????## #??????????????? | | ??????????????????????????????## #??????????????? | | ??????????????????????????????#" #??????????????? | | ??????????????????????????????## #??????????????? | | ???????????????????????????????# #??????????????? | | ???????????????????????????????# ################ | | ???????????????????????????###?# | | ???????????????????????????#"### | | ???????????????????????????# #% | | ???????????????????????????# [ [ | | ???????????????????????????# % | | ???????????????????????????# ## | | ?????????????????????????### ## | | ?????????????????????????# ## | | ?????????????????????????# ## | | ?????????????????????????# ## | | ?????????????????????????# ## | | ?????????????????????????### ## | | ???????????????????????????# ## | | ?????????????????????####### ## | +----------------------------------------------------+ Best States ------------- Heat Dissipation 183 Energy Generation 47 Energy Capacity 1090 Matter Stores 300 Matter Capacity 300 Sight Range 16 Robot Scan Range 15 Terrain Scan Density 10 ECM Strength 2 Jamming Range 14 Power Amplification 40 Base Temperature (-) 150 Armor Coverage 800 Resistance: TH 25 Core Shielding 30 Melee Speed Boost 20 Evasion (%) 70 Melee Accuracy 12 Target Analysis 6 Core Analysis 9 Recoil Reduction 2 Force Boost 20 Offensive Hacking 64 Defensive Hacking 30 Item Schematics ----------------- Assault Drone Bay | -5/Zhirov | Free Exp. Heat Sink | -5/Zhirov | Free Exp. Optical Array | -5/Zhirov | Free Imp. Arc Thrower | -5/Zhirov | Free Plasma Lance | -2/Quarantine | Archive Imp. Q-thruster | -2/Quarantine | Archive Imp. Diametric Drive | -2/Quarantine | Archive Hds. Centrium Leg | -2/Quarantine | Archive Exp. Signal Interpreter | -2/Quarantine | Archive Exp. Field Recycling Unit | -2/Quarantine | Archive Cld. Gravmag System | -2/Quarantine | Archive Cld. Phase Cannon | -2/Quarantine | Archive Robot Schematics ------------------ None Fabricated ------------ Hvy. Shield Leg | x1 | -5/Factory | Preloaded Repaired ---------- Greatsword | 1% | -6/Factory Studied --------- Field Propulsion Array | -2/Research | Hacked Enh. Hardcell Cannon | -2/Research | Hacked Hardcell Cannon | -2/Research | Hacked Lgt. Quantum Reactor | -2/Research | Hacked Fusion Bomb Launcher | -2/Research | Hacked Cmb. Linear Gravjet | -2/Research | Hacked Alien Tech Used ----------------- Integrated Dissipator Transdimensional Reconstructor Dimensional Node Initializer Subatomic Replicator Core Cannon Phase Redirector Core Stripper Achievements -------------- Ambidextrous Armchair Analyst Betrayal Most Foul Bob, First Of His Name Hammer Time Into The Breach Loot Taster Nice Directions, Buddy Origins SUBSUB Subspace Traveler Suspicious Tester The Science Guy Wiki Contributor Challenges ------------ None Game ------ Seed RagnarokAbsorptionConstruct Manual? 0 Play Time 03:35:10 Cumulative 83.9 hours Start 2026.07.23 @ 16:01:16 End 2026.07.23 @ 20:31:14 Sessions 1 Manual Loads 0 Difficulty Rogue Special Mode None Game No. 47 Rogue 47 Adventurer 0 Explorer 0 Win Type - Total 0 Types 0/0/0/0/0/0/0/0/0/0 Lore% 49 Gallery% 50 Achievement% 38 Wizard Run 0 Options --------- Layout 0 ASCII 0 Keyboard 1 Movement Vi Keybinds 0 Fullscreen 1 Font 24/Smallcaps Map View 76x50 Zoom Use 0% Tactical HUD 1 Map Filters NONE Filters NONE Steam 1 RUN: fabf4162-cea5-40dc-a502-71cc0ff4d0d9